 Dungeon Crawl Stone Soup version 0.26.1-11-gd32895ea62 (webtiles) character file.

Game seed: 4429989315583354452

14599 ubername the Frost Mage (level 12, -6/82 HPs)
             Began as a Barachi Ice Elementalist on June 24, 2021.
             Was an Elder of Vehumet.
             Shot with an arrow by a centaur (7 damage)
             ... on level 12 of the Dungeon.
             The game lasted 00:48:12 (15794 turns).

ubername the Frost Mage (Barachi Ice Elementalist) Turns: 15794, Time: 00:48:13

Health: -6/82      AC:  8    Str: 10    XL:     12   Next: 18%
Magic:  12/26      EV: 15    Int: 20    God:    Vehumet [****..]
Gold:   576        SH:  0    Dex: 13    Spells: 9/31 levels left

rFire    . . .     SeeInvis .   b - +2 dagger (venom)
rCold    + + .     Faith    .   (no shield)
rNeg     . . .     Spirit   .   o - +1 robe
rPois    +         Reflect  .   n - +1 helmet
rElec    .         Harm     .   g - +1 cloak
rCorr    .         Rampage  .   (no gloves)
Will     .....                  j - +0 pair of boots
Stlth    ++........             c - amulet of magic regeneration
HPRegen  0.23/turn              l - ring of ice
MPRegen  0.45/turn              f - ring of poison resistance

@: can't hop, slow
A: +LOS, swims, cold resistance 1, fire resistance 1, slowness 1, strong legs 1
a: Hop, Renounce Religion


You were on level 12 of the Dungeon.
You worshipped Vehumet.
Vehumet was greatly pleased with you.
You visited 3 branches of the dungeon, and saw 15 of its levels.

You collected 576 gold pieces.

Inventory:

Hand Weapons
 a - a +4 hunting sling of freezing
 b - a +2 dagger of venom (weapon)
 u - a +2 dagger of speed
Missiles
 d - 15 boomerangs (quivered)
 k - 291 stones
 s - 30 sling bullets
 x - 27 poisoned darts
Armour
 g - a +1 cloak (worn)
 j - a +0 pair of boots (worn)
 n - a +1 helmet (worn)
 o - a +1 robe (worn)
Jewellery
 c - an amulet of magic regeneration (around neck)
 f - a ring of poison resistance (right hand)
 l - a ring of ice (left hand)
 p - an uncursed ring of see invisible
 F - a +4 ring of evasion
Wands
 e - a wand of acid (10)
 i - a wand of polymorph (10)
 t - a wand of iceblast (12)
 B - a wand of random effects (23)
 E - a wand of disintegration (8)
 G - a wand of paralysis (14)
Scrolls
 h - a scroll of teleportation
 m - 5 scrolls of identify
 r - 2 scrolls of enchant armour
 w - a scroll of fear
 y - 4 scrolls of remove curse
 D - a scroll of amnesia
 I - a scroll of immolation
Potions
 q - 5 potions of curing
 v - a potion of brilliance
 z - 2 potions of flight
 A - a potion of might
 C - 2 potions of haste
 H - a potion of heal wounds


   Skills:
 + Level 3.6 Fighting
 + Level 4.8 Short Blades
 + Level 2.6(4.7) Slings
 + Level 6.2(6.5) Throwing
 + Level 6.3 Dodging
 + Level 3.7 Stealth
 - Level 10.2 Spellcasting
 * Level 2.4 Conjurations
 * Level 2.0 Fire Magic
 - Level 12.3 Ice Magic
 * Level 5.6 Air Magic
 * Level 5.0 Poison Magic
 + Level 1.2 Evocations


You had 9 spell levels left.
You knew the following spells:

 Your Spells              Type           Power        Failure   Level
a - Freeze                Ice            100%         1%          1
b - Frozen Ramparts       Ice            100%         1%          3
c - Ozocubu's Armour      Ice            74%          1%          3
d - Hailstorm             Conj/Ice       56%          1%          4
e - Mephitic Cloud        Conj/Pois/Air  27%          1%          3
f - Airstrike             Air            16%          1%          4
g - Sticky Flame          Conj/Fire      19%          7%          4

Your spell library contained the following spells:

 Spells                   Type           Power        Failure   Level
 Summon Ice Beast         Ice/Summ       51%          5%          4


Dungeon Overview and Level Annotations

Branches:
Dungeon (12/15)            Temple (1/1) D:7            Lair (0/6) D:9
    Orc (2/2) D:11
    Elf: Orc:2

Altars:
Cheibriados
Dithmenos
Elyvilon
Fedhas
Gozag
Hepliaklqana
Kikubaaqudgha
Makhleb
Okawaru
Qazlal
Sif Muna
Uskayaw
Vehumet
Wu Jian
Yredelemnul
Zin
Beogh

Portals:
Trove: D:10 (give 5 scrolls of fog)

Annotations:
D:7 5 runed translucent doors, exclusion: 4 orange crystal statues, jlumianski's ghost, novice GnWr
Orc:2 Nessos


Innate Abilities, Weirdness & Mutations

You can be seen from farther away. (+LOS)
You can swim through water.
You cover ground slowly.
You can hop short distances.
Your flesh is cold resistant. (rC+)
Your flesh is heat resistant. (rF+)


Message History

The arrow hits you!
* * * LOW HITPOINT WARNING * * *
The centaur shouts!
Things that are here:
a +0 shortbow; 15 arrows
As you read the scroll of fear, it crumbles to dust.
You assume a fearsome visage.
The centaur looks frightened! x3
You hear a shout!
A centaur comes into view.
Cornered, the centaur turns to fight!
The centaur shoots an arrow.
The arrow misses you.
You see here an arrow.
The centaur shoots an arrow.
The arrow hits you!
* * * LOW HITPOINT WARNING * * *
You see here an arrow.
The centaur shoots an arrow.
The arrow hits you!
* * * LOW HITPOINT WARNING * * *
You see here an arrow.
The centaur shoots an arrow.
The arrow hits you!
You die...

##..# #.#.## ##..≈§.#
#...##########....####..§≈..#
.................c.(ccc....# ##
.........#####..)c####...###...##
.#..###..# ###..# ##..()c.$...
.#..# #..# ##(# ##(###... .#..#
#..# #(# #...§## # #... #..#
##(## #.§§..# #.#. #..# ##@#.##
#..§§c#.#.≈ #. . #..#
###.###.###.......... #. . ...#
#..#####.##.#######.# ...#
#.#.#.#†###.# #### #.##.#..†...#
#.###.#####.# #(###.# #.# #.....#
#.# ####### #.#


You could see 2 centaurs.

Vanquished Creatures
  A two-headed ogre (D:11)
  An orc sorcerer (Orc:2)
  2 ugly things
  2 cyclopes
  4 red devils (D:12)
  2 trolls (Orc:1)
  Sigmund (D:2)
  3 wyverns
  8 yaks
  A wraith (D:12)
  The ghost of nothank2 the Slasher, an amateur MiFi (D:4)
  Eustachio (D:4)
  A basilisk (D:9)
  3 acid dragons
  3 water moccasins (D:9)
  10 orc warriors
  A black bear (D:6)
  3 sky beasts
  7 ice beasts
  12 ogres
  3 phantoms
  A necrophage (D:11)
  7 centaurs
  2 big kobolds
  8 bullfrogs
  Blork the orc (D:4)
  A gnoll sergeant (D:11)
  A scorpion (D:9)
  A water moccasin skeleton (D:8)
  7 killer bees
  5 wights
  A vampire bat (D:7)
  8 howler monkeys
  3 bullfrog zombies
  8 orc priests
  2 centaur skeletons
  A gnoll shaman (D:6)
  15 orc wizards
  2 hounds
  5 iguanas
  A bullfrog skeleton (D:5)
  11 worker ants
  Ijyb (D:4)
  Natasha (thrice) (D:2)
  A hound zombie (D:11)
  A howler monkey zombie (D:8)
  Robin (D:2)
  A worker ant zombie (D:9)
  9 gnolls
  2 howler monkey skeletons
  15 adders
  7 shadow imps
  A white imp (D:5)
  An ufetubus (D:10)
  An adder zombie (D:7)
  2 adder skeletons
  3 worms
  4 leopard geckos
  58 orcs
  4 bat zombies (D:7)
  4 giant cockroaches
  18 goblins
  8 hobgoblins
  7 jackals
  9 quokkas
  3 ball pythons
  7 bats
  3 frilled lizards
  20 kobolds
  A leopard gecko skeleton (D:7)
  A quokka skeleton (D:5)
  25 rats
382 creatures vanquished.

Vanquished Creatures (others)
  A fungus (D:9)
  4 plants (D:9)
  5 withered plants (D:11)
10 creatures vanquished.

Grand Total: 392 creatures vanquished

Notes
Turn   | Place    | Note
-------+----------+-------------------------------------------
     0 | D:1      | ubername the Barachi Ice Elementalist began the quest for
                  | the Orb.
     0 | D:1      | Reached XP level 1. HP: 13/13 MP: 3/3
   150 | D:1      | Reached skill level 5 in Ice Magic
   492 | D:1      | Reached XP level 2. HP: 11/19 MP: 0/5
  1167 | D:2      | Reached XP level 3. HP: 24/24 MP: 3/6
  1490 | D:2      | Learned a level 3 spell: Frozen Ramparts
  1863 | D:2      | Noticed Natasha
  1894 | D:2      | Killed Natasha
  1895 | D:2      | Reached XP level 4. HP: 30/30 MP: 2/8
  2092 | D:2      | Reached skill level 6 in Ice Magic
  2158 | D:2      | Noticed Natasha
  2172 | D:2      | Killed Natasha
  2298 | D:2      | Found an opulent altar of Gozag.
  2299 | D:2      | Found an ornate altar of the Wu Jian Council.
  2332 | D:2      | Reached XP level 5. HP: 32/35 MP: 6/10
  2386 | D:2      | Noticed Natasha
  2396 | D:2      | Killed Natasha
  2429 | D:2      | Noticed Sigmund
  2437 | D:2      | Noticed Robin
  2437 | D:2      | Killed Sigmund
  2438 | D:2      | Reached skill level 7 in Ice Magic
  2438 | D:2      | Reached XP level 6. HP: 7/42 MP: 6/12
  2477 | D:2      | Killed Robin
  2811 | D:3      | Learned a level 3 spell: Ozocubu's Armour
  3115 | D:3      | Noticed an ice beast
  3247 | D:3      | Found a shadowy altar of Dithmenos.
  3745 | D:3      | Killed an ice beast
  3746 | D:3      | Reached skill level 1 in Fighting
  3746 | D:3      | Reached XP level 7. HP: 34/48 MP: 14/14
  3851 | D:3      | Reached skill level 5 in Spellcasting
  4313 | D:4      | Gained mutation: Your flesh is cold resistant. (rC+)
                  | [potion of mutation]
  4313 | D:4      | Gained mutation: Your flesh is heat resistant. (rF+)
                  | [potion of mutation]
  4481 | D:4      | Noticed Eustachio
  4500 | D:4      | Killed Eustachio
  4501 | D:4      | Reached skill level 1 in Short Blades
  4596 | D:4      | Found a runed translucent door.
  4596 | D:4      | Noticed nothank2's ghost (amateur MiFi)
  4598 | D:4      | Noticed Ijyb
  4616 | D:4      | Killed Ijyb
  4617 | D:4      | Reached skill level 8 in Ice Magic
  4618 | D:4      | Reached XP level 8. HP: 54/54 MP: 12/16
  4650 | D:4      | Killed nothank2's ghost
  4663 | D:4      | Found a runed translucent door.
  4871 | D:4      | Noticed Blork the orc
  4879 | D:4      | Killed Blork the orc
  5158 | D:5      | Entered Level 5 of the Dungeon
  5536 | D:5      | Found a burning altar of Makhleb.
  5697 | D:5      | Reached skill level 9 in Ice Magic
  5850 | D:5      | Reached skill level 1 in Throwing
  5854 | D:5      | Reached XP level 9. HP: 61/61 MP: 17/19
  6260 | D:6      | Found a snail-covered altar of Cheibriados.
  6414 | D:6      | Found a glowing silver altar of Zin.
  6415 | D:6      | Found a basalt altar of Yredelemnul.
  6417 | D:6      | Found a hide-covered altar of Uskayaw.
  6418 | D:6      | Found a shimmering blue altar of Sif Muna.
  6446 | D:6      | Reached skill level 1 in Slings
  6739 | D:6      | Found a hazy altar of Hepliaklqana.
  6798 | D:6      | Found a blossoming altar of Fedhas.
  7205 | D:7      | Found a runed translucent door.
  7277 | D:7      | Found the +10 tower shield of Ignorance {rN+ Int-4}
  7278 | D:7      | Noticed an orange crystal statue
  7279 | D:7      | Noticed an orange crystal statue
  7288 | D:7      | Noticed an orange crystal statue
  7354 | D:7      | Found a runed translucent gate.
  7354 | D:7      | Found a runed translucent gate.
  7354 | D:7      | Found a runed translucent gate.
  7356 | D:7      | Noticed jlumianski's ghost (novice GnWr)
  7370 | D:7      | Found a staircase to the Ecumenical Temple.
  7395 | D:7      | Found a runed translucent door.
  7450 | Temple   | Entered the Ecumenical Temple
  7514 | Temple   | Became a worshipper of Vehumet
  7666 | D:7      | Reached skill level 10 in Ice Magic
  7940 | D:7      | Reached * piety under Vehumet
  7940 | D:7      | Offered knowledge of Sandblast by Vehumet.
  8145 | D:7      | Reached skill level 5 in Dodging
  8152 | D:7      | Found an ancient bone altar of Kikubaaqudgha.
  8275 | D:7      | Noticed an orange crystal statue
  8848 | D:8      | Learned a level 4 spell: Hailstorm
  8879 | D:8      | Reached XP level 10. HP: 68/68 MP: 10/22
  9085 | D:8      | Offered knowledge of Magic Dart by Vehumet.
  9089 | D:8      | Reached ** piety under Vehumet
  9885 | D:9      | Found a staircase to the Lair.
  9898 | D:9      | Reached skill level 5 in Throwing
  9898 | D:9      | Reached skill level 1 in Conjurations
 10068 | D:9      | Reached skill level 11 in Ice Magic
 10141 | D:9      | Found an iron altar of Okawaru.
 10439 | D:9      | Reached skill level 10 in Spellcasting
 10724 | D:9      | Reached XP level 11. HP: 64/73 MP: 25/25
 10849 | D:9      | Offered knowledge of Mephitic Cloud by Vehumet.
 10854 | D:9      | Learned a level 3 spell: Mephitic Cloud
 10956 | D:9      | Reached skill level 1 in Poison Magic
 11150 | D:10     | Entered Level 10 of the Dungeon
 11268 | D:10     | Reached skill level 1 in Air Magic
 11396 | D:10     | Noticed a green ugly thing
 11424 | D:10     | Killed a green ugly thing
 11988 | D:10     | Reached *** piety under Vehumet
 12433 | D:10     | Found a portal to a secret trove of treasure.
 13145 | D:11     | Offered knowledge of Airstrike by Vehumet.
 13154 | D:11     | Learned a level 4 spell: Airstrike
 13266 | D:11     | Noticed a cyclops
 13321 | D:11     | Killed a cyclops
 13649 | D:11     | Found a white marble altar of Elyvilon.
 13920 | D:11     | Noticed a two-headed ogre
 13931 | D:11     | Killed a two-headed ogre
 13932 | D:11     | Reached skill level 12 in Ice Magic
 13932 | D:11     | Reached **** piety under Vehumet
 14487 | D:11     | Noticed a white ugly thing
 14501 | D:11     | Killed a white ugly thing
 14501 | D:11     | Offered knowledge of Sticky Flame by Vehumet.
 14638 | D:11     | Found a staircase to the Orcish Mines.
 14651 | D:11     | Found a roughly hewn altar of Beogh.
 14674 | Orc:1    | Entered Level 1 of the Orcish Mines
 14692 | Orc:1    | Reached skill level 1 in Evocations
 14819 | Orc:2    | Entered Level 2 of the Orcish Mines
 14844 | Orc:2    | Noticed an orc sorcerer
 14847 | Orc:2    | Noticed Nessos
 14848 | Orc:2    | Killed an orc sorcerer
 14850 | Orc:2    | Noticed an orc sorcerer
 15070 | Orc:2    | Noticed a sixfirhy
 15526 | D:12     | Got a shimmering trident
 15527 | D:12     | Identified the +2 trident of Untruth {freeze, Str+3} (You
                  | found it on level 12 of the Dungeon)
 15569 | D:12     | Learned a level 4 spell: Sticky Flame
 15640 | D:12     | Reached XP level 12. HP: 78/81 MP: 18/26
 15747 | D:12     | Reached skill level 5 in Air Magic
 15748 | D:12     | Reached skill level 1 in Fire Magic
 15748 | D:12     | Noticed a boulder beetle
 15762 | D:12     | Reached skill level 5 in Poison Magic
 15793 | D:12     | HP: 1/82 [centaur/arrow (11)]
 15794 | D:12     | Shot with an arrow by a centaur

Illustrated notes

Levels and vault maps discovered:
D:1:      dpeg_arrival_connections, layout_loops_cross
D:2:      layout_rooms, gammafunk_temple_overflow_statue, minmay_rat_hole,
          uniq_sigmund, uniq_robin, uniq_natasha
D:3:      layout_basic, nicolae_dithmenos_shadow_blocks
D:4:      layout_basic, ebering_ghost_sewer_f, nrook_mini_backslash,
          sigmund_army, uniq_eustachio, uniq_blork_the_orc, uniq_ijyb
D:5:      minmay_bubble_buster, layout_gridville, lightli_temple_of_fire,
          minmay_misc_feat_alley
D:6:      layout_rooms, chequers_temple_overflow_statue_of_worship,
          nzn_hepliaklqana_mist_gate, cheibrodos_worm_habitat, fedhas_altar_4
D:7:      layout_cave_pools, kennysheep_vampire_church,
          minmay_temple_entry_glassed_door, gammafunk_ghost_necromancy,
          chequers_guarded_unrand_ignorance
D:8:      layout_basic
D:9:      layout_cave_pools, lemuel_crystal_altar, minmay_lair_entry_grove
D:10:     wad_arrow_thing, layout_long_grid, nicolae_trove_entry_isolated
D:11:     minmay_klotski, layout_basic, minmay_orc_entry_temple_small,
          enter_bailey_3, serial_undead, serial_undead_e, serial_undead_a,
          serial_undead_e, serial_undead_e, minmay_misc_feat_encased,
          grunt_ministairs_1, elyvilon_altar_3, uniq_nergalle
D:12:     layout_loops_corners, basic_altar, einodemon_armed_red_devil_minivault
Temple:   minmay_temple_curvy_loop
Orc:1:    layout_diamond_mine, basic_altar
Orc:2:    st_orc_mages, layout_caves, gammafunk_ghost_fury_of_okawaru,
          basic_altar, uniq_nessos

Skill      XL: |  1  2  3  4  5  6  7  8  9 10 11 12 |
---------------+-------------------------------------+-----
Ice Magic      | 5 6 7 8 9 10 11 12 | 12.3
Spellcasting   | 3 4 5 7 8 10 | 10.2
Stealth        | 2 3 |  3.7
Fighting       | 1 2 3 |  3.6
Dodging        | 3 4 5 6 |  6.3
Short Blades   | 1 2 3 4 |  4.8
Throwing       | 1 3 5 6 |  6.2
Slings         | 1 2 |  2.6
Conjurations   | 1 2 |  2.4
Poison Magic   | 4 5 |  5.0
Air Magic      | 4 5 |  5.6
Evocations     | 1 |  1.2
Fire Magic     | 2 |  2.0

Action                   |  1- 3 |  4- 6 |  7- 9 | 10-12 || total
-------------------------+-------+-------+-------+-------++-------
Melee: Short sword       |    10 |       |       |       ||    10
       Dagger            |     4 |    37 |   139 |   312 ||   492
 Fire: Hunting sling     |       |       |    15 |    33 ||    48
Throw: Stone             |       |     4 |     2 |       ||     6
       Boomerang         |       |       |    86 |   122 ||   208
       Dart              |       |       |       |     1 ||     1
 Cast: Freeze            |    43 |     1 |     6 |     6 ||    56
       Frozen Ramparts   |     1 |    24 |    57 |    60 ||   142
       Ozocubu's Armour  |       |     2 |    26 |    49 ||    77
       Hailstorm         |       |       |     3 |    36 ||    39
       Airstrike         |       |       |       |    12 ||    12
       Mephitic Cloud    |       |       |       |     5 ||     5
 Abil: Hop               |       |       |     1 |     3 ||     4
Evoke: Wand              |       |       |       |     6 ||     6
  Use: Scroll            |       |     8 |     4 |    10 ||    22
       Potion            |       |     2 |     7 |     2 ||    11
 Stab: Sleeping          |       |       |     1 |       ||     1
Armor: Robe              |     8 |    38 |    75 |   128 ||   249
       Skin              |       |     4 |       |       ||     4
Dodge: Dodged            |    24 |    42 |   138 |   276 ||   480
